cohdb
Replays
Latest Replays
All Replays
Popular Replays
Top Player Replays
Match Explorer
How It Works
Community
CoH3 Stats
Reddit
Sign in to upload your games and track your stats! →
Sign in with Steam
Match 43772554
Unlisted
Match 43772554
Overview
Messages
Build Orders
End
Kettenkrad Recon Vehicle
Construct Infanterie Kompanie
Selects Terror Battlegroup
Selects Machine Gun Camouflage
MG 42 Machine Gun Team
MG 42 Machine Gun Team
Grenadier Squad
Construct Luftwaffe Kompanie
Jäger Squad
Support Elements
Selects Contempt for the Weak
Flak 30 Anti-aircraft Gun Team
Wirbelwind Flakpanzer
Jäger Squad
Medical Bunker
Dominik
beniu
Hans Dietrich
Sąsiad
Marty
Terran
0
0
Comments
sign in to comment!
No comments posted yet!